Wolfpack vs Eagles
(R1)
Created - December 12, 2021 at 09:16
Goals
|
| Wolfpack |
0 |
2 |
3 |
5 |
| Eagles |
0 |
1 |
0 |
1 |
|
Shots
|
| Wolfpack |
8 |
4 |
15 |
27 |
| Eagles |
13 |
9 |
6 |
28 |
|
1st period
No Goal
Penalties :
Steven Santini (Har) for Hooking (Minor) at 9:11
2nd period
1. Wolfpack , Stefan Noesen 1 (Maxime Sauvé 1, Vince Dunn 2) at 10:45 (PP)
2. Wolfpack , Stefan Noesen 2 (Mikhail Sergachev 1, Maxime Sauvé 2) at 17:58
3. Eagles , Dmitrij Jaskin 2 (Jonathan Marchessault 2, Stefan Elliott 1) at 19:55
Penalties :
Samuel Blais (Har) for Hooking (Minor) at 0:12, Jonathan Marchessault (Col) for Hooking (Minor) at 9:39, Henrik Samuelsson (Har) for Hooking (Minor) at 11:33
3rd period
4. Wolfpack , Sebastian Collberg 3 (Steven Santini 1, Ryan Dzingel 3) at 0:35
5. Wolfpack , Connor Chatam 1 (Steven Santini 2) at 18:30
6. Wolfpack , Samuel Blais 1 (Stefan Noesen 2, Maxime Sauvé 3) at 18:40 (PP)
Penalties :
Connor Chatam (Har) for Interference (Minor) at 12:25, Jonathan Marchessault (Col) for High sticking (Minor) at 13:21, Ryan Murphy (Col) for Slashing (Minor) at 18:35
Goalie Stats
Samuel Montembeault (Har), 27 saves from 28 shots - (0.964), W, 1-2-0, 60:00 minutes
Marek Mazanek (Col), 22 saves from 27 shots - (0.815), L, 1-2-0, 60:00 minutes
Players Stats for Wolfpack
Player Name G A P +/- PIM S H SB GA TA FO MP PP MP PK MP
------------------------------------------------------------------------------------
Alexander Barabanov 0 0 0 0 0 0 0 0 0 0 1/1 3:33 0:00 0:00
Colton White 0 0 0 0 0 0 0 0 0 0 0/0 15:07 0:00 0:34
Connor Chatam 1 0 1 0 2 2 1 0 0 0 1/1 15:27 0:05 0:00
Dave Dziurzynski 0 0 0 1 0 1 1 0 0 0 1/1 9:13 0:05 2:28
David Pope 0 0 0 -1 0 1 1 0 0 2 0/1 17:18 0:00 1:18
Derrick Pouliot 0 0 0 1 0 1 2 2 1 0 0/0 27:02 1:35 4:20
Henrik Samuelsson 0 0 0 1 2 2 0 0 0 0 3/8 17:05 0:56 1:23
Kevin Roy 0 0 0 1 0 0 0 0 0 0 0/1 6:24 0:00 0:21
Maxime Sauvé 0 3 3 1 0 0 2 0 1 0 16/28 22:53 1:11 4:04
Mikhail Sergachev 0 1 1 1 0 1 0 0 0 0 0/0 18:05 0:32 2:33
Ryan Culkin 0 0 0 0 0 1 2 0 0 0 0/0 14:01 0:00 0:00
Ryan Dzingel 0 1 1 1 0 3 3 0 1 0 0/0 16:10 0:51 0:05
Samuel Blais 1 0 1 1 2 3 1 0 1 0 0/0 14:46 1:11 0:00
Sebastian Collberg 1 0 1 1 0 2 1 1 0 0 0/0 15:31 0:51 0:00
Seth Griffith 0 0 0 -1 0 2 0 0 0 1 4/7 15:38 0:00 0:00
Stefan Noesen 2 1 3 1 0 4 1 1 2 0 1/1 19:25 1:11 4:07
Steven Santini 0 2 2 1 2 2 2 1 1 0 0/0 17:20 0:32 1:59
Vince Dunn 0 1 1 1 0 2 0 3 0 1 0/0 27:02 1:35 4:20
Players Stats for Eagles
Player Name G A P +/- PIM S H SB GA TA FO MP PP MP PK MP
------------------------------------------------------------------------------------
Anthony Duclair 0 0 0 -1 0 2 2 0 0 0 0/0 16:48 0:07 0:34
Connor Carrick 0 0 0 0 0 0 0 0 0 0 0/0 11:23 0:00 0:00
Daniel Carr 0 0 0 1 0 4 3 0 0 0 3/7 23:42 3:24 1:34
Dmitrij Jaskin 1 0 1 1 0 7 2 0 1 1 0/0 20:28 3:24 0:06
Drake Caggiula 0 0 0 -2 0 1 0 0 0 0 3/8 17:54 3:22 0:10
Jared McCann 0 0 0 -1 0 2 0 0 0 0 1/4 13:45 0:00 0:00
Joel Edmundson 0 0 0 -1 0 1 2 0 2 1 0/0 25:48 4:18 0:57
John Ramage 0 0 0 -1 0 0 0 0 0 1 0/0 16:47 2:35 1:10
Jonathan Marchessault 0 1 1 1 4 4 3 0 0 1 14/27 19:15 3:23 0:00
Jonathan Racine 0 0 0 0 0 0 0 0 0 0 0/0 7:10 0:00 0:00
Joseph Blandisi 0 0 0 -1 0 1 1 0 0 1 0/0 13:28 0:00 0:00
Matteson Iacopelli 0 0 0 -2 0 2 1 0 0 0 0/0 17:53 3:22 0:00
Michael Dal Colle 0 0 0 0 0 0 0 0 0 0 0/0 0:49 0:00 0:00
Pius Suter 0 0 0 0 0 0 0 0 0 0 0/0 3:29 0:00 0:58
Ryan Murphy 0 0 0 -1 2 1 1 0 0 0 0/0 16:37 2:35 1:10
Sam Steel 0 0 0 0 0 0 1 0 0 0 0/0 4:33 0:21 0:04
Stefan Elliott 0 1 1 -1 0 0 1 1 0 1 0/0 25:31 4:18 0:57
Thomas Chabot 0 0 0 0 0 0 0 0 0 0 0/0 10:41 0:00 0:00
Tomas Tatar 0 0 0 0 0 2 0 0 0 0 0/0 10:21 1:46 0:44
Tyler Motte 0 0 0 -2 0 1 0 0 1 1 0/1 9:51 1:29 0:04
Xavier Ouellet 0 0 0 0 0 0 0 1 0 0 0/0 7:10 0:00 0:00
Zach Aston-Reese 0 0 0 0 0 0 1 0 0 0 1/2 3:24 0:00 0:00
3 Stars
1 - Stefan Noesen (Har)
2 - Maxime Sauvé (Har)
3 - Samuel Montembeault (Har)
Power Play
Wolfpack - 2 on 3 Attempt(s) - 66.67%
Eagles - 0 on 4 Attempt(s) - 0.00%
Penalty Kill
Wolfpack - 4 on 4 Attempt(s) - 100.00%
- Score 0 goal in Penalty Kill
Eagles - 1 on 3 Attempt(s) - 33.33%
- Score 0 goal in Penalty Kill
Team Stat
Wolfpack - Hits : 17 - Faceoff Wins : 27 - Blocked Shots : 8 - Penalty Minutes : 8
Eagles - Hits : 18 - Faceoff Wins : 22 - Blocked Shots : 2 - Penalty Minutes : 6
Official
Referees : Reid Anderson and Trevor Hanson
Linesman : Tony Sericolo and Bryan Pancich
Game Notes
Tomas Tatar is injured at 10:29 of 2nd period (Bruised Right Leg)
Finance
Level 1 -- Attendance: 1756 (87.80%) -- Ticket Income $61,460
Level 2 -- Attendance: 957 (95.70%) -- Ticket Income $14,355
Total Attendance: 2713 (90.43%)
Total Ticket Income: $75,815
Other Income: $3,791
Total Income: $79,606
Wolfpack
5 vs 5 Forward
Center Left Wing Right Wing Time % Phy DF OF
1 Maxime Sauvé Samuel Blais Stefan Noesen 40 1 2 2
2 Henrik Samuelsson Ryan Dzingel Sebastian Collberg 30 1 2 2
3 Seth Griffith David Pope Connor Chatam 20 1 2 2
4 Kevin Roy Dave Dziurzynski Maxime Sauvé 10 1 2 2
5 vs 5 Defense
Defense Defense Time % Phy DF OF
1 Derrick Pouliot Vince Dunn 40 1 2 2
2 Steven Santini Mikhail Sergachev 30 1 2 2
3 Ryan Culkin Colton White 20 1 2 2
4 Derrick Pouliot Vince Dunn 10 1 2 2
PowerPlay Forward
Center Left Wing Right Wing Time % Phy DF OF
1 Maxime Sauvé Samuel Blais Stefan Noesen 60 1 2 2
2 Henrik Samuelsson Ryan Dzingel Sebastian Collberg 40 1 2 2
PowerPlay Defense
Defense Defense Time % Phy DF OF
1 Derrick Pouliot Vince Dunn 60 1 2 2
2 Steven Santini Mikhail Sergachev 40 1 2 2
Penalty Kill 4 Players Forward
Center Wing Time % Phy DF OF
1 Maxime Sauvé Stefan Noesen 60 1 2 2
2 Henrik Samuelsson Dave Dziurzynski 40 1 2 2
Penalty Kill 4 Players Defense
Defense Defense Time % Phy DF OF
1 Derrick Pouliot Vince Dunn 60 1 2 2
2 Steven Santini Mikhail Sergachev 40 1 2 2
Penalty Kill - 3 Players Forward
Forward Time % Phy DF OF
1 Maxime Sauvé 60 1 2 2
2 Stefan Noesen 40 1 2 2
Penalty Kill - 3 Players Defense
Defense Defense Time % Phy DF OF
1 Derrick Pouliot Vince Dunn 60 1 2 2
2 Steven Santini Mikhail Sergachev 40 1 2 2
4 vs 4 Forward
Center Wing Time % Phy DF OF
1 Maxime Sauvé Stefan Noesen 60 1 2 2
2 Henrik Samuelsson Dave Dziurzynski 40 1 2 2
4 vs 4 Defense
Defense Defense Time % Phy DF OF
1 Derrick Pouliot Vince Dunn 60 1 2 2
2 Steven Santini Mikhail Sergachev 40 1 2 2
Last Minutes Offensive
Center Left Wing Right Wing Defense Defense
Maxime Sauvé Dave Dziurzynski Stefan Noesen Derrick Pouliot Vince Dunn
Last Minutes Defensive
Center Left Wing Right Wing Defense Defense
Maxime Sauvé Dave Dziurzynski Stefan Noesen Derrick Pouliot Vince Dunn
Goaltenders
Starting : Samuel Montembeault
Backup : Mike Condon
Extra Forwards
Normal : Alexander Barabanov, Seth Griffith, David Pope - PP : Alexander Barabanov, Seth Griffith - PK : David Pope
Extra Defensemen
Normal : Ryan Culkin, Colton White, Steven Santini - PP : Ryan Culkin - PK : Colton White, Steven Santini
Penalty Shots
Maxime Sauvé, Stefan Noesen, Henrik Samuelsson, Dave Dziurzynski, Ryan Dzingel
Scratches
Adam Lowry (Healthy), Dryden Hunt (Healthy), Jacob Middleton (Healthy), Jake Marchment (Healthy), Joel Kiviranta (Healthy)
Joshua Jacobs (Healthy), Keegan Kolesar (Healthy), Mikhail Vorobyev (Healthy), Will Borgen (Healthy), Alex Barre-Boulet (Healthy)
Andrew Peeke (Healthy), Dante Fabbro (Healthy), Jeffrey Viel (Healthy), Yegor Korshkov (Healthy)
Eagles
5 vs 5 Forward
Center Left Wing Right Wing Time % Phy DF OF
1 Jonathan Marchessault Daniel Carr Dmitrij Jaskin 40 1 2 2
2 Drake Caggiula Tomas Tatar Matteson Iacopelli 30 1 2 2
3 Jared McCann Joseph Blandisi Anthony Duclair 20 1 2 2
4 Zach Aston-Reese Anthony Duclair Daniel Carr 10 1 2 2
5 vs 5 Defense
Defense Defense Time % Phy DF OF
1 Stefan Elliott Joel Edmundson 40 1 2 2
2 Ryan Murphy John Ramage 30 1 2 2
3 Connor Carrick Thomas Chabot 20 1 2 2
4 Jonathan Racine Xavier Ouellet 10 1 2 2
PowerPlay Forward
Center Left Wing Right Wing Time % Phy DF OF
1 Jonathan Marchessault Daniel Carr Dmitrij Jaskin 60 1 2 2
2 Drake Caggiula Tomas Tatar Matteson Iacopelli 40 1 2 2
PowerPlay Defense
Defense Defense Time % Phy DF OF
1 Stefan Elliott Joel Edmundson 60 1 2 2
2 Ryan Murphy John Ramage 40 1 2 2
Penalty Kill 4 Players Forward
Center Wing Time % Phy DF OF
1 Daniel Carr Tomas Tatar 60 1 2 2
2 Jonathan Marchessault Dmitrij Jaskin 40 1 2 2
Penalty Kill 4 Players Defense
Defense Defense Time % Phy DF OF
1 Stefan Elliott Joel Edmundson 60 1 2 2
2 Ryan Murphy John Ramage 40 1 2 2
Penalty Kill - 3 Players Forward
Forward Time % Phy DF OF
1 Daniel Carr 60 1 2 2
2 Tomas Tatar 40 1 2 2
Penalty Kill - 3 Players Defense
Defense Defense Time % Phy DF OF
1 Stefan Elliott Joel Edmundson 60 1 2 2
2 Ryan Murphy John Ramage 40 1 2 2
4 vs 4 Forward
Center Wing Time % Phy DF OF
1 Daniel Carr Tomas Tatar 60 1 2 2
2 Jonathan Marchessault Dmitrij Jaskin 40 1 2 2
4 vs 4 Defense
Defense Defense Time % Phy DF OF
1 Stefan Elliott Joel Edmundson 60 1 2 2
2 Ryan Murphy John Ramage 40 1 2 2
Last Minutes Offensive
Center Left Wing Right Wing Defense Defense
Jonathan Marchessault Daniel Carr Dmitrij Jaskin Stefan Elliott Joel Edmundson
Last Minutes Defensive
Center Left Wing Right Wing Defense Defense
Jonathan Marchessault Daniel Carr Dmitrij Jaskin Stefan Elliott Joel Edmundson
Goaltenders
Starting : Marek Mazanek
Backup : Antoine Bibeau
Extra Forwards
Normal : Tyler Motte, Sam Steel, Pius Suter - PP : Tyler Motte, Sam Steel - PK : Pius Suter
Extra Defensemen
Normal : Connor Carrick, Thomas Chabot, Jonathan Racine - PP : Connor Carrick - PK : Thomas Chabot, Jonathan Racine
Penalty Shots
Daniel Carr, Tomas Tatar, Jonathan Marchessault, Dmitrij Jaskin, Joseph Blandisi
Scratches
Chris Calhan (Healthy), Dominik Kubalik (Healthy), Mark Friedman (Healthy), Keaton Middleton (Healthy), Max Lajoie (Healthy)
Pascal Laberge (Healthy), Adin Hill (Healthy)
% Time on Ice - Wolfpack
Lines # - Real PCT - Wanted PCT - Time Play
Normal Forward
1 - 30% - 40% - 14:46
2 - 30% - 30% - 15:11
3 - 29% - 20% - 14:38
4 - 11% - 10% - 5:22
Normal Defense
1 - 38% - 40% - 19:00
2 - 29% - 30% - 14:44
3 - 28% - 20% - 14:01
4 - 4% - 10% - 2:12
PP Forward
1 - 56% - 60% - 1:11
2 - 44% - 40% - 0:56
PP Defense
1 - 75% - 60% - 1:35
2 - 25% - 40% - 0:32
PK Forward
1 - 73% - 60% - 5:00
2 - 27% - 40% - 1:53
PK Defense
1 - 63% - 60% - 4:20
2 - 37% - 40% - 2:33
PK3 Forward
1 - 0% - 60%
2 - 0% - 40%
PK3 Defense
1 - 0% - 60%
2 - 0% - 40%
44 Forward
1 - 78% - 60% - 0:49
2 - 22% - 40% - 0:14
44 Defense
1 - 75% - 60% - 0:47
2 - 25% - 40% - 0:16
Last Minute Offensive - 0:00
Last Minute Defensive - 0:00
Total
Forward - 60:00
Defense - 60:00
|
% Time on Ice - Eagles
Lines # - Real PCT - Wanted PCT - Time Play
Normal Forward
1 - 31% - 40% - 15:15
2 - 36% - 30% - 18:04
3 - 26% - 20% - 13:14
4 - 7% - 10% - 3:24
Normal Defense
1 - 39% - 40% - 19:18
2 - 26% - 30% - 12:48
3 - 21% - 20% - 10:41
4 - 14% - 10% - 7:10
PP Forward
1 - 51% - 60% - 3:31
2 - 49% - 40% - 3:22
PP Defense
1 - 62% - 60% - 4:18
2 - 38% - 40% - 2:35
PK Forward
1 - 95% - 60% - 2:01
2 - 5% - 40% - 0:06
PK Defense
1 - 45% - 60% - 0:57
2 - 55% - 40% - 1:10
PK3 Forward
1 - 0% - 60%
2 - 0% - 40%
PK3 Defense
1 - 0% - 60%
2 - 0% - 40%
44 Forward
1 - 100% - 60% - 1:03
2 - 0% - 40% - 0:00
44 Defense
1 - 92% - 60% - 0:58
2 - 8% - 40% - 0:05
Last Minute Offensive - 0:00
Last Minute Defensive - 0:00
Total
Forward - 60:00
Defense - 60:00
|
Play-by-Play
1st period
0:01 of 1st period - Jonathan Marchessault wins face-off versus Maxime Sauvé in neutral zone.
0:58 of 1st period - Snap shot by Ryan Dzingel.
0:58 of 1st period - Stopped by Marek Mazanek with a rebound.
1:04 of 1st period - Snap shot by Henrik Samuelsson.
1:04 of 1st period - Shot Misses the Net.
1:10 of 1st period - Snap shot by Ryan Dzingel.
1:10 of 1st period - Deflect By Henrik Samuelsson.
1:10 of 1st period - Stopped by Marek Mazanek with a rebound.
1:12 of 1st period - Snap shot by Sebastian Collberg.
1:12 of 1st period - Stopped by Marek Mazanek with a rebound.
1:14 of 1st period - Wrist shot by Ryan Dzingel.
1:14 of 1st period - Shot Misses the Net.
1:16 of 1st period - Wrist shot by Ryan Dzingel.
1:16 of 1st period - Stopped by Marek Mazanek without a rebound.
1:17 of 1st period - Seth Griffith wins face-off versus Jonathan Marchessault in Eagles zone.
1:26 of 1st period - Snap shot by David Pope.
1:26 of 1st period - Shot Misses the Net.
1:28 of 1st period - Slapshot by Ryan Culkin.
1:28 of 1st period - Stopped by Marek Mazanek without a rebound.
1:29 of 1st period - Zach Aston-Reese wins face-off versus Maxime Sauvé in Eagles zone.
1:54 of 1st period - Vince Dunn is hit by Joel Edmundson and loses puck.
2:05 of 1st period - Snap shot by David Pope.
2:05 of 1st period - Shot Blocked by Xavier Ouellet.
2:58 of 1st period - Snap shot by Jonathan Marchessault.
2:58 of 1st period - Stopped by Samuel Montembeault without a rebound.
2:59 of 1st period - Seth Griffith wins face-off versus Jonathan Marchessault in Wolfpack zone.
4:12 of 1st period - Connor Chatam is hit by Jonathan Marchessault and loses puck.
4:39 of 1st period - Connor Carrick is hit by Maxime Sauvé and loses puck.
5:24 of 1st period - Slapshot by Drake Caggiula.
5:24 of 1st period - Shot Misses the Net.
5:26 of 1st period - Slapshot by Ryan Murphy.
5:26 of 1st period - Deflect By Tomas Tatar.
5:26 of 1st period - Shot Misses the Net.
5:26 of 1st period - Puck is out of play.
5:27 of 1st period - Henrik Samuelsson wins face-off versus Drake Caggiula in Wolfpack zone.
5:59 of 1st period - Snap shot by Stefan Noesen.
5:59 of 1st period - Shot Misses the Net.
6:26 of 1st period - Wrist shot by Dave Dziurzynski.
6:26 of 1st period - Stopped by Marek Mazanek without a rebound.
6:27 of 1st period - Jared McCann wins face-off versus Kevin Roy in Eagles zone.
6:36 of 1st period - Snap shot by Anthony Duclair.
6:36 of 1st period - Shot Misses the Net.
7:37 of 1st period - Anthony Duclair is hit by Samuel Blais and loses puck.
7:52 of 1st period - Slapshot by David Pope.
7:52 of 1st period - Shot Misses the Net.
8:37 of 1st period - Icing by Ryan Culkin.
8:38 of 1st period - Seth Griffith wins face-off versus Drake Caggiula in Wolfpack zone.
8:45 of 1st period - Slapshot by Tomas Tatar.
8:45 of 1st period - Stopped by Samuel Montembeault with a rebound.
8:47 of 1st period - Snap shot by Drake Caggiula.
8:47 of 1st period - Stopped by Samuel Montembeault without a rebound.
8:48 of 1st period - Jonathan Marchessault wins face-off versus Henrik Samuelsson in Wolfpack zone.
8:49 of 1st period - Snap shot by Dmitrij Jaskin.
8:49 of 1st period - Shot Misses the Net.
8:51 of 1st period - Wrist shot by Daniel Carr.
8:51 of 1st period - Stopped by Samuel Montembeault with a rebound.
9:11 of 1st period - Minor Penalty to Steven Santini for Hooking.
9:12 of 1st period - Jonathan Marchessault wins face-off versus Maxime Sauvé in Wolfpack zone.
9:25 of 1st period - Snap shot by Dmitrij Jaskin.
9:25 of 1st period - Stopped by Samuel Montembeault with a rebound.
9:29 of 1st period - Snap shot by Daniel Carr.
9:29 of 1st period - Stopped by Samuel Montembeault without a rebound.
9:30 of 1st period - Maxime Sauvé wins face-off versus Drake Caggiula in Wolfpack zone.
9:55 of 1st period - Vince Dunn is hit by Dmitrij Jaskin and loses puck.
10:02 of 1st period - Snap shot by Dmitrij Jaskin.
10:02 of 1st period - Shot Blocked by Derrick Pouliot.
10:04 of 1st period - Wrist shot by Daniel Carr.
10:04 of 1st period - Stopped by Samuel Montembeault without a rebound.
10:05 of 1st period - Jonathan Marchessault wins face-off versus Henrik Samuelsson in Wolfpack zone.
10:55 of 1st period - Tomas Tatar is hit by Derrick Pouliot and loses puck.
11:11 of 1st period - Penalty to Steven Santini is over, Steven Santini is back on ice.
11:23 of 1st period - Snap shot by Seth Griffith.
11:23 of 1st period - Shot Misses the Net.
11:25 of 1st period - Snap shot by David Pope.
11:25 of 1st period - Deflect By Seth Griffith.
11:25 of 1st period - Shot Misses the Net.
11:25 of 1st period - Puck is out of play.
11:26 of 1st period - Jonathan Marchessault wins face-off versus Seth Griffith in Eagles zone.
11:31 of 1st period - Wrist shot by Daniel Carr.
11:31 of 1st period - Stopped by Samuel Montembeault with a rebound.
11:39 of 1st period - Snap shot by Daniel Carr.
11:39 of 1st period - Shot Blocked by Vince Dunn.
11:41 of 1st period - Snap shot by Jonathan Marchessault.
11:41 of 1st period - Stopped by Samuel Montembeault with a rebound.
11:43 of 1st period - Snap shot by Dmitrij Jaskin.
11:43 of 1st period - Stopped by Samuel Montembeault without a rebound.
11:44 of 1st period - Drake Caggiula wins face-off versus Maxime Sauvé in Wolfpack zone.
11:57 of 1st period - Slapshot by Stefan Noesen.
11:57 of 1st period - Deflect By Maxime Sauvé.
11:57 of 1st period - Shot Misses the Net.
11:57 of 1st period - Puck is out of play.
11:58 of 1st period - Maxime Sauvé wins face-off versus Jonathan Marchessault in Eagles zone.
12:23 of 1st period - Vince Dunn is hit by Matteson Iacopelli and loses puck.
12:52 of 1st period - Snap shot by David Pope.
12:52 of 1st period - Shot Misses the Net.
13:08 of 1st period - Mikhail Sergachev is hit by Jonathan Marchessault and loses puck.
13:25 of 1st period - Wrist shot by Tomas Tatar.
13:25 of 1st period - Stopped by Samuel Montembeault without a rebound.
13:26 of 1st period - Dave Dziurzynski wins face-off versus Drake Caggiula in Wolfpack zone.
13:51 of 1st period - Stefan Elliott is hit by Ryan Dzingel and loses puck.
15:08 of 1st period - Icing by Vince Dunn.
15:09 of 1st period - Seth Griffith wins face-off versus Jared McCann in Wolfpack zone.
15:22 of 1st period - Slapshot by Stefan Elliott.
15:22 of 1st period - Shot Misses the Net.
15:44 of 1st period - Snap shot by David Pope.
15:44 of 1st period - Stopped by Marek Mazanek without a rebound.
15:45 of 1st period - Jonathan Marchessault wins face-off versus Maxime Sauvé in Eagles zone.
16:02 of 1st period - Maxime Sauvé is hit by Dmitrij Jaskin and loses puck.
16:25 of 1st period - Snap shot by Matteson Iacopelli.
16:25 of 1st period - Stopped by Samuel Montembeault with a rebound.
16:27 of 1st period - Slapshot by John Ramage.
16:27 of 1st period - Shot Misses the Net.
17:44 of 1st period - Off-side.
17:45 of 1st period - Drake Caggiula wins face-off versus Henrik Samuelsson in neutral zone.
17:48 of 1st period - Snap shot by Matteson Iacopelli.
17:48 of 1st period - Shot Misses the Net.
17:54 of 1st period - Connor Carrick is hit by Ryan Culkin and loses puck.
19:07 of 1st period - Wrist shot by Dmitrij Jaskin.
19:07 of 1st period - Stopped by Samuel Montembeault with a rebound.
19:30 of 1st period - Snap shot by Seth Griffith.
19:30 of 1st period - Stopped by Marek Mazanek without a rebound.
19:31 of 1st period - Drake Caggiula wins face-off versus Maxime Sauvé in Eagles zone.
Goals for this period are 0 for Wolfpack vs 0 for Eagles.
Shots for this period are 8 for Wolfpack vs 13 for Eagles.
2nd period
0:01 of 2nd period - Maxime Sauvé wins face-off versus Jonathan Marchessault in neutral zone.
0:12 of 2nd period - Minor Penalty to Samuel Blais for Hooking.
0:13 of 2nd period - Jonathan Marchessault wins face-off versus Maxime Sauvé in Wolfpack zone.
0:17 of 2nd period - Snap shot by Stefan Elliott.
0:17 of 2nd period - Shot Blocked by Derrick Pouliot.
0:51 of 2nd period - Henrik Samuelsson is hit by Joel Edmundson and loses puck.
2:12 of 2nd period - Penalty to Samuel Blais is over, Samuel Blais is back on ice.
2:25 of 2nd period - Snap shot by Thomas Chabot.
2:25 of 2nd period - Shot Misses the Net.
3:15 of 2nd period - Tomas Tatar is hit by Ryan Culkin and loses puck.
3:57 of 2nd period - John Ramage is hit by Steven Santini and loses puck.
4:40 of 2nd period - Thomas Chabot is hit by Dave Dziurzynski.
5:21 of 2nd period - Snap shot by Thomas Chabot.
5:21 of 2nd period - Shot Blocked by Steven Santini.
5:23 of 2nd period - Snap shot by Anthony Duclair.
5:23 of 2nd period - Stopped by Samuel Montembeault without a rebound.
5:24 of 2nd period - Jonathan Marchessault wins face-off versus Henrik Samuelsson in Wolfpack zone.
5:37 of 2nd period - Snap shot by Jonathan Marchessault.
5:37 of 2nd period - Stopped by Samuel Montembeault without a rebound.
5:38 of 2nd period - Maxime Sauvé wins face-off versus Jonathan Marchessault in Wolfpack zone.
8:28 of 2nd period - Snap shot by Henrik Samuelsson.
8:28 of 2nd period - Shot Misses the Net.
8:48 of 2nd period - Jonathan Marchessault is hit by Maxime Sauvé and loses puck.
8:59 of 2nd period - David Pope is hit by Joseph Blandisi and loses puck.
9:07 of 2nd period - Icing by David Pope.
9:08 of 2nd period - Alexander Barabanov wins face-off versus Zach Aston-Reese in Wolfpack zone.
9:08 of 2nd period - Alexander Barabanov is hit by Zach Aston-Reese.
9:39 of 2nd period - Minor Penalty to Jonathan Marchessault for Hooking.
9:40 of 2nd period - Maxime Sauvé wins face-off versus Daniel Carr in Eagles zone.
9:44 of 2nd period - Snap shot by Samuel Blais.
9:44 of 2nd period - Stopped by Marek Mazanek with a rebound.
10:28 of 2nd period - Tomas Tatar is hit by Sebastian Collberg and loses puck.
10:29 of 2nd period - Tomas Tatar from Eagles is injured at 10:29 of 2nd period (Bruised Right Leg).
10:30 of 2nd period - Maxime Sauvé wins face-off versus Daniel Carr in Eagles zone.
10:45 of 2nd period - Slapshot by Stefan Noesen.
10:45 of 2nd period - Goal by Stefan Noesen - Wolfpack : 1 - Eagles : 0.
10:46 of 2nd period - Maxime Sauvé wins face-off versus Jonathan Marchessault in neutral zone.
11:11 of 2nd period - Stefan Elliott is hit by David Pope and loses puck.
11:33 of 2nd period - Minor Penalty to Henrik Samuelsson for Hooking.
11:34 of 2nd period - Maxime Sauvé wins face-off versus Drake Caggiula in Wolfpack zone.
11:34 of 2nd period - Maxime Sauvé is hit by Stefan Elliott.
11:47 of 2nd period - Snap shot by Matteson Iacopelli.
11:47 of 2nd period - Stopped by Samuel Montembeault with a rebound.
11:49 of 2nd period - Snap shot by Drake Caggiula.
11:49 of 2nd period - Deflect By Tyler Motte.
11:49 of 2nd period - Stopped by Samuel Montembeault without a rebound.
11:50 of 2nd period - Maxime Sauvé wins face-off versus Jonathan Marchessault in Wolfpack zone.
13:33 of 2nd period - Penalty to Henrik Samuelsson is over, Henrik Samuelsson is back on ice.
13:54 of 2nd period - Slapshot by Thomas Chabot.
13:54 of 2nd period - Shot Blocked by Sebastian Collberg.
13:56 of 2nd period - Backhand shot by Joseph Blandisi.
13:56 of 2nd period - Stopped by Samuel Montembeault with a rebound.
14:23 of 2nd period - Tyler Motte is hit by Stefan Noesen and loses puck.
14:44 of 2nd period - Jonathan Marchessault is hit by Connor Chatam and loses puck.
14:52 of 2nd period - Icing by Dmitrij Jaskin.
14:53 of 2nd period - Henrik Samuelsson wins face-off versus Jared McCann in Eagles zone.
14:54 of 2nd period - Snap shot by Ryan Dzingel.
14:54 of 2nd period - Shot Misses the Net.
15:04 of 2nd period - Wrist shot by Jared McCann.
15:04 of 2nd period - Stopped by Samuel Montembeault with a rebound.
15:58 of 2nd period - Joseph Blandisi is hit by Derrick Pouliot and loses puck.
16:29 of 2nd period - Stefan Noesen is hit by Jonathan Marchessault and loses puck.
17:04 of 2nd period - Slapshot by Vince Dunn.
17:04 of 2nd period - Stopped by Marek Mazanek without a rebound.
17:05 of 2nd period - Jonathan Marchessault wins face-off versus David Pope in Eagles zone.
17:50 of 2nd period - Snap shot by Maxime Sauvé.
17:50 of 2nd period - Shot Misses the Net.
17:56 of 2nd period - Snap shot by Stefan Noesen.
17:56 of 2nd period - Shot Misses the Net.
17:58 of 2nd period - Snap shot by Stefan Noesen.
17:58 of 2nd period - Goal by Stefan Noesen - Wolfpack : 2 - Eagles : 0.
17:59 of 2nd period - Stefan Noesen wins face-off versus Jonathan Marchessault in neutral zone.
18:11 of 2nd period - Wrist shot by Dmitrij Jaskin.
18:11 of 2nd period - Stopped by Samuel Montembeault with a rebound.
18:15 of 2nd period - Wrist shot by Dmitrij Jaskin.
18:15 of 2nd period - Shot Misses the Net.
18:52 of 2nd period - Wrist shot by David Pope.
18:52 of 2nd period - Deflect By Connor Chatam.
18:52 of 2nd period - Shot Hit the Post.
18:52 of 2nd period - Puck is out of play.
18:53 of 2nd period - Jonathan Marchessault wins face-off versus Maxime Sauvé in Eagles zone.
19:09 of 2nd period - Snap shot by Colton White.
19:09 of 2nd period - Shot Misses the Net.
19:43 of 2nd period - Snap shot by Joseph Blandisi.
19:43 of 2nd period - Shot Misses the Net.
19:45 of 2nd period - Snap shot by Jared McCann.
19:45 of 2nd period - Stopped by Samuel Montembeault without a rebound.
19:46 of 2nd period - Daniel Carr wins face-off versus Seth Griffith in Wolfpack zone.
19:55 of 2nd period - Slapshot by Dmitrij Jaskin.
19:55 of 2nd period - Goal by Dmitrij Jaskin - Wolfpack : 2 - Eagles : 1.
19:56 of 2nd period - Maxime Sauvé wins face-off versus Jonathan Marchessault in neutral zone.
Goals for this period are 2 for Wolfpack vs 1 for Eagles.
Shots for this period are 4 for Wolfpack vs 9 for Eagles.
3rd period
0:01 of 3rd period - Maxime Sauvé wins face-off versus Jonathan Marchessault in neutral zone.
0:33 of 3rd period - Slapshot by Steven Santini.
0:33 of 3rd period - Stopped by Marek Mazanek with a rebound.
0:35 of 3rd period - Wrist shot by Sebastian Collberg.
0:35 of 3rd period - Goal by Sebastian Collberg - Wolfpack : 3 - Eagles : 1.
0:36 of 3rd period - Jonathan Marchessault wins face-off versus Maxime Sauvé in neutral zone.
1:10 of 3rd period - Wrist shot by Anthony Duclair.
1:10 of 3rd period - Shot Blocked by Stefan Noesen.
1:16 of 3rd period - Wrist shot by Steven Santini.
1:16 of 3rd period - Stopped by Marek Mazanek with a rebound.
1:18 of 3rd period - Snap shot by Samuel Blais.
1:18 of 3rd period - Stopped by Marek Mazanek without a rebound.
1:19 of 3rd period - Jonathan Marchessault wins face-off versus Henrik Samuelsson in Eagles zone.
1:28 of 3rd period - Snap shot by Ryan Dzingel.
1:28 of 3rd period - Stopped by Marek Mazanek with a rebound.
1:46 of 3rd period - Ryan Murphy is hit by Steven Santini.
2:11 of 3rd period - Dave Dziurzynski is hit by Daniel Carr and loses puck.
3:01 of 3rd period - Off-side.
3:02 of 3rd period - Connor Chatam wins face-off versus Jared McCann in neutral zone.
3:21 of 3rd period - Wrist shot by Seth Griffith.
3:21 of 3rd period - Stopped by Marek Mazanek with a rebound.
3:27 of 3rd period - Steven Santini is hit by Anthony Duclair.
3:43 of 3rd period - Wrist shot by Joseph Blandisi.
3:43 of 3rd period - Shot Misses the Net.
3:45 of 3rd period - Wrist shot by Joseph Blandisi.
3:45 of 3rd period - Shot Blocked by Vince Dunn.
4:19 of 3rd period - Wrist shot by Vince Dunn.
4:19 of 3rd period - Deflect By Joel Edmundson.
4:19 of 3rd period - Stopped by Marek Mazanek with a rebound.
4:31 of 3rd period - Snap shot by Stefan Elliott.
4:31 of 3rd period - Shot Blocked by Vince Dunn.
4:39 of 3rd period - Slapshot by Derrick Pouliot.
4:39 of 3rd period - Shot Blocked by Stefan Elliott.
5:22 of 3rd period - Snap shot by Joseph Blandisi.
5:22 of 3rd period - Shot Misses the Net.
5:24 of 3rd period - Slapshot by Joel Edmundson.
5:24 of 3rd period - Stopped by Samuel Montembeault with a rebound.
5:26 of 3rd period - Snap shot by Jared McCann.
5:26 of 3rd period - Shot Misses the Net.
5:28 of 3rd period - Snap shot by Joseph Blandisi.
5:28 of 3rd period - Deflect By Anthony Duclair.
5:28 of 3rd period - Stopped by Samuel Montembeault without a rebound.
5:29 of 3rd period - Maxime Sauvé wins face-off versus Jonathan Marchessault in Wolfpack zone.
5:54 of 3rd period - Sebastian Collberg is hit by Ryan Murphy and loses puck.
6:28 of 3rd period - Thomas Chabot is hit by Ryan Dzingel and loses puck.
10:34 of 3rd period - Dave Dziurzynski is hit by Anthony Duclair and loses puck.
12:25 of 3rd period - Minor Penalty to Connor Chatam for Interference.
12:26 of 3rd period - Maxime Sauvé wins face-off versus Jonathan Marchessault in Wolfpack zone.
12:26 of 3rd period - Maxime Sauvé is hit by Daniel Carr.
13:21 of 3rd period - Minor Penalty to Jonathan Marchessault for High sticking.
13:22 of 3rd period - Maxime Sauvé wins face-off versus Daniel Carr in Eagles zone.
13:27 of 3rd period - Snap shot by Stefan Noesen.
13:27 of 3rd period - Stopped by Marek Mazanek without a rebound.
13:28 of 3rd period - Daniel Carr wins face-off versus Maxime Sauvé in Eagles zone.
13:35 of 3rd period - Snap shot by Stefan Noesen.
13:35 of 3rd period - Stopped by Marek Mazanek without a rebound.
13:36 of 3rd period - Daniel Carr wins face-off versus Maxime Sauvé in Eagles zone.
13:41 of 3rd period - Derrick Pouliot is hit by Daniel Carr and loses puck.
13:52 of 3rd period - Snap shot by Derrick Pouliot.
13:52 of 3rd period - Shot Misses the Net.
14:02 of 3rd period - Stefan Noesen is hit by Sam Steel and loses puck.
14:17 of 3rd period - Wrist shot by Henrik Samuelsson.
14:17 of 3rd period - Stopped by Marek Mazanek with a rebound.
14:19 of 3rd period - Slapshot by Mikhail Sergachev.
14:19 of 3rd period - Stopped by Marek Mazanek without a rebound.
14:20 of 3rd period - Henrik Samuelsson wins face-off versus Tyler Motte in Eagles zone.
14:21 of 3rd period - Wrist shot by Dave Dziurzynski.
14:21 of 3rd period - Shot Misses the Net.
14:25 of 3rd period - Penalty to Connor Chatam is over, Connor Chatam is back on ice.
14:41 of 3rd period - Pius Suter is hit by Ryan Dzingel and loses puck.
15:21 of 3rd period - Penalty to Jonathan Marchessault is over, Jonathan Marchessault is back on ice.
18:28 of 3rd period - Snap shot by Connor Chatam.
18:28 of 3rd period - Stopped by Marek Mazanek with a rebound.
18:30 of 3rd period - Wrist shot by Connor Chatam.
18:30 of 3rd period - Goal by Connor Chatam - Wolfpack : 4 - Eagles : 1.
18:31 of 3rd period - Maxime Sauvé wins face-off versus Jonathan Marchessault in neutral zone.
18:35 of 3rd period - Minor Penalty to Ryan Murphy for Slashing.
18:36 of 3rd period - Maxime Sauvé wins face-off versus Daniel Carr in Eagles zone.
18:36 of 3rd period - Slapshot by Stefan Noesen.
18:36 of 3rd period - Shot Misses the Net.
18:38 of 3rd period - Wrist shot by Samuel Blais.
18:38 of 3rd period - Shot Misses the Net.
18:40 of 3rd period - Snap shot by Samuel Blais.
18:40 of 3rd period - Goal by Samuel Blais - Wolfpack : 5 - Eagles : 1.
18:41 of 3rd period - Jonathan Marchessault wins face-off versus Maxime Sauvé in neutral zone.
18:47 of 3rd period - Snap shot by Dmitrij Jaskin.
18:47 of 3rd period - Shot Misses the Net.
18:49 of 3rd period - Slapshot by Ryan Murphy.
18:49 of 3rd period - Stopped by Samuel Montembeault with a rebound.
18:51 of 3rd period - Snap shot by Dmitrij Jaskin.
18:51 of 3rd period - Stopped by Samuel Montembeault with a rebound.
18:53 of 3rd period - Wrist shot by Dmitrij Jaskin.
18:53 of 3rd period - Stopped by Samuel Montembeault with a rebound.
18:57 of 3rd period - Wrist shot by Jonathan Marchessault.
18:57 of 3rd period - Stopped by Samuel Montembeault with a rebound.
19:31 of 3rd period - Slapshot by Derrick Pouliot.
19:31 of 3rd period - Stopped by Marek Mazanek without a rebound.
19:32 of 3rd period - Jonathan Marchessault wins face-off versus Seth Griffith in Eagles zone.
Goals for this period are 3 for Wolfpack vs 0 for Eagles.
Shots for this period are 15 for Wolfpack vs 6 for Eagles.